 Dungeon Crawl Stone Soup version 0.30-a0-972-gf3ab3527aa (webtiles) character file.

Game seed: 7149275572881827964

329 retardedninja the Chopper (level 6, -2/57 HPs)
             Began as a Naga Fighter on Mar 31, 2023.
             Slain by a jelly (3 damage)
             ... on level 4 of the Dungeon.
             The game lasted 00:04:00 (3760 turns).

retardedninja the Chopper (Naga Fighter)            Turns: 3760, Time: 00:04:00

Health: -2/57      AC:  0    Str: 21    XL:     6   Next: 51%
Magic:  6/6        EV:  5    Int:  8    God:
Gold:   102        SH:  4    Dex: 10    Spells: 5/5 levels left

rFire   . . .      SeeInvis +    a - +0 war axe
rCold   . . .      Faith    .    c - +0 buckler
rNeg    . . .      Spirit   .    l - +0 chain mail
rPois   +          Reflect  .    (no helmet)
rElec   .          Rampage  .    (no cloak)
rCorr   .                        (no gloves)
Will    .....                    (no barding) Stlth
                                 (no amulet)
HPRegen 0.29/turn                (no ring)
MPRegen 0.10/turn                (no ring)

@: mighty, corroded, attractive, flying, very slow
A: AC +2, large, see invisible, deformed body, poison resistance, slowness 2,
spit poison 1, naga tail 1
a: Spit Poison


You were on level 4 of the Dungeon.
You visited 1 branch of the dungeon, and saw 4 of its levels.

You collected 102 gold pieces.

Inventory:

Hand Weapons
 a - a +0 war axe (weapon)
Armour
 c - a +0 buckler (worn)
 l - a +0 chain mail (worn)
Jewellery
 m - a ring of protection from fire
 s - a ring of ice
Wands
 p - a wand of flame (5)
Scrolls
 b - a scroll of teleportation {unknown}
 e - 2 scrolls of poison {unknown}
 f - a scroll of noise {unknown}
 g - a scroll of fear {unknown}
 i - a scroll of enchant armour {unknown}
 j - 3 scrolls of enchant weapon {unknown}
 k - 6 scrolls of identify {unknown}
 o - a scroll of immolation {unknown}
Potions
 h - 3 potions of flight
 q - a potion of attraction
 r - a potion of lignification {unknown}


   Skills:
 + Level 4.1 Fighting
 * Level 4.3 Axes
 + Level 3.3 Armour
 + Level 3.7 Shields


You had 5 spell levels left.
You didn't know any spells.
Your spell library contained the following spells:

 Spells                   Type           Power      Damage    Failure   Level
 Blink                    Tloc           0%         N/A       100%        2
 Manifold Assault         Tloc           0%         N/A       100%        4
 Storm Form               Tmut/Air       0%         N/A       100%        7


Dungeon Overview and Level Annotations

Branches:
Dungeon (4/15)
 Temple: D:4-7

Altars:


Innate Abilities, Weirdness & Mutations

Your serpentine skin is tough. (AC +2)
You have supernaturally acute eyesight. (SInv)
Armour fits poorly on your strangely shaped body.
Your system is resistant to poisons. (rPois)
You cover ground very slowly.
You can spit poison.
You have a snake-like lower body.


Message History

The jelly hits you but does no damage. The quokka bites you.
The jelly attacks as you move away! The jelly hits you. The acid corrodes you!
You are splashed with acid!
The quokka attacks as you move away! The quokka bites you. x2
You feel very mighty all of a sudden. The quokka barely misses you.
You hit the quokka.
The quokka is almost dead.
The quokka barely misses you.
You slash the quokka!
You kill the quokka!
The ball python barely misses you.
You closely miss the ball python. The ball python bites you.
You slice the ball python!!
You kill the ball python!
The jelly hits you.
You are splashed with acid!
* * * LOW HITPOINT WARNING * * *
You hit the jelly.
Your hands burn!
* * * LOW HITPOINT WARNING * * *
The jelly is moderately wounded.
You block the jelly's attack.
It was a potion of flight.
You feel very buoyant.
You fly up into the air.
The jelly hits you.
* * * LOW HITPOINT WARNING * * *
You are splashed with acid!
* * * LOW HITPOINT WARNING * * *
It was a potion of curing.
You feel better. The jelly hits you.
* * * LOW HITPOINT WARNING * * *
You are splashed with acid!
* * * LOW HITPOINT WARNING * * *
You feel better. The jelly hits you.
* * * LOW HITPOINT WARNING * * *
The acid corrodes you!
You are splashed with acid!
* * * LOW HITPOINT WARNING * * *
It was a potion of attraction.
You feel attractive to monsters. The jelly hits you.
You die...

#.. . #.# ##. #.# ##.#
#.#.###.. #[# ...#
#.#.#..†..# ..# #..#
#.......... #.# #..#
###.#.##### ## #.# #..#
#.#...... ..##..###.###
#..# # #.#####
...........r###..#####.#.#
#..##.###..BJ@.........#.#
#. #######.########.# ..
#########.# #.# ..
#.........# #.##### .#
#.########## #...... #.#..
..# ######. #.#.# ##.## #.
#.#.# ##...## #. #.#.#
##.....## #.


You could see a jelly, a quokka and a giant cockroach.

Vanquished Creatures
  A scorpion (D:4)
  2 hounds (D:4)
  8 adders
  4 gnolls (D:4)
  An ufetubus (D:4)
  3 worms
  4 dart slugs
  An orc (D:3)
  6 ball pythons
  6 endoplasms
  2 giant cockroaches
  8 goblins
  3 hobgoblins (D:1)
  4 jackals (D:1)
  4 quokkas
  7 bats
  3 frilled lizards
  10 kobolds
  5 rats
82 creatures vanquished.

Notes
Turn   | Place    | Note
-------+----------+-------------------------------------------
     0 | D:1      | retardedninja the Naga Fighter began the quest for the Orb.
     0 | D:1      | Reached XP level 1. HP: 21/21 MP: 1/1
   104 | D:1      | Reached XP level 2. HP: 5/28 MP: 2/2
   469 | D:1      | Reached XP level 3. HP: 31/34 MP: 3/3
  1333 | D:2      | Reached XP level 4. HP: 13/42 MP: 4/4
  2346 | D:3      | Reached XP level 5. HP: 49/49 MP: 5/5
  3364 | D:4      | Reached XP level 6. HP: 52/57 MP: 6/6
  3757 | D:4      | HP: 1/57 [acid (7)]
  3760 | D:4      | Slain by a jelly

Illustrated notes

Levels and vault maps discovered:
D:1:      dpeg_arrival_long_road, layout_basic, minmay_quantized
D:2:      layout_rooms, minmay_crystal_room, lemuel_flame_loot_1
D:3:      minmay_recursive_quarters, layout_rooms
D:4:      layout_loops_ring, minitemple, minmay_close_crescents

Skill      XL: |  1  2  3  4  5 |
---------------+----------------+-----
Shields        | 3 |  3.7
Axes           | 3 4 |  4.3
Armour         | 3 |  3.3
Fighting       | 4 |  4.1

Action                     |  1- 3 |  4- 6 || total
---------------------------+-------+-------++-------
  Melee: War axe           |   107 |   128 ||   235
Ability: Spit Poison       |       |     1 ||     1
    Use: Potion            |       |     5 ||     5
 Armour: Scale mail        |    61 |    24 ||    85
         Chain mail        |       |    82 ||    82
  Dodge: Dodged            |    48 |    47 ||    95
  Block: Buckler           |    25 |    42 ||    67

Table legend: (Time is in decaauts)
 A = Elapsed time spent in this place.
 B = Non-inter-level travel time spent in this place.
 C = Inter-level travel time spent in this place.
 D = Time resting spent in this place.
 E = Time spent auto-exploring this place.
 F = Levels seen in this place.
 G = Mean time per level.
                   A        B        C        D        E       F      G
               +--------+--------+--------+--------+--------+-----+--------+
         Total |   4671 |   4488 |    183 |    994 |   2858 |   4 | 1167.8 |
       Dungeon |   4671 |   4488 |    183 |    994 |   2858 |   4 | 1167.8 |
               +--------+--------+--------+--------+--------+-----+--------+

Top non-repeatable levels by time:
     D:2: 1480 daAuts
     D:1: 1344 daAuts
     D:3: 943 daAuts
     D:4: 903 daAuts
